 Dungeon Crawl Stone Soup version 0.19.1 (webtiles) character file.

11008 kae the Carver (level 12, -1/95 HPs)
             Began as a Formicid Fighter on Dec 17, 2016.
             Was a High Priest of Okawaru.
             Slain by a deep troll earth mage (6 damage)
             ... on level 12 of the Dungeon.
             The game lasted 00:17:56 (14693 turns).

kae the Carver (Formicid Fighter)                  Turns: 14693, Time: 00:17:56

Health: -1/95      AC: 16    Str: 25    XL:     12   Next: 2%
Magic:  17/17      EV: 21    Int:  9    God:    Okawaru [*****.]
Gold:   69         SH: 14    Dex: 15    Spells: 0 memorised, 11 levels left

rFire  + + .     SeeInvis +     H - +1 falchion (protect)
rCold  + . .     Gourm    .     r - +1 ring mail {rPois}
rNeg   . . .     Faith    .     c - +0 shield
rPois  +         Spirit   .     (helmet unavailable)
rElec  +         Reflect  .     (no cloak)
rCorr  +         Harm     .     (no gloves)
MR     ++...     Clarity  +     (no boots)
Stlth  +++.......               (no amulet)
                                B - ring of protection from fire
                                t - ring of protection from magic

@: agile, resistant, heroism, protection aura
A: permanent stasis, dig shafts and tunnels, four strong arms, antennae 3,
repulsion field 1, clarity
a: Dig, Shaft Self, Heroism, Finesse, Renounce Religion


You were on level 12 of the Dungeon.
You worshipped Okawaru.
Okawaru was extremely pleased with you.
You were hungry.

You visited 2 branches of the dungeon, and saw 13 of its levels.

You collected 511 gold pieces.
You spent 442 gold pieces at shops.

Inventory:

Hand Weapons
 a - a +0 long sword
 p - a +0 great sword
 F - the +6 dagger "Wyogisi" {flame, rF+ rC- Int+5}
   (You found it on level 10 of the Dungeon)

   It has been specially enchanted to burn those struck by it, causing extra
   injury to most foes and up to half again as much damage against particularly
   susceptible opponents.
   It affects your intelligence (+5).
   It protects you from fire.
   It makes you vulnerable to cold.
 H - a +1 falchion of protection (weapon)
Missiles
 k - a throwing net (quivered)
Armour
 b - a +0 scale mail
 c - a +0 shield (worn)
 r - a +1 ring mail of poison resistance (worn)
Jewellery
 d - an uncursed ring of stealth
 t - a ring of protection from magic (left hand)
 w - a +3 ring of intelligence
 B - a ring of protection from fire (right hand)
Wands
 s - a wand of lightning (14/15)
 u - a wand of paralysis (0/24)
 y - a wand of iceblast (2/15)
 z - a wand of slowing (37/48)
Scrolls
 j - 6 scrolls of remove curse
 x - a scroll of fear
 D - a scroll of amnesia
Potions
 e - a potion of curing
 h - 2 potions of cancellation
 i - 2 potions of magic
 l - 2 potions of resistance
 n - 2 potions of flight
 q - a potion of lignification {unknown}
 C - 3 potions of degeneration
 E - a potion of brilliance {unknown}
Books
 g - a book of Changes

   Spells                             Type                      Level
   a - Beastly Appendage              Transmutation                1
   b - Sticks to Snakes               Transmutation                2
   c - Spider Form                    Transmutation/Poison         3
   d - Ice Form                       Ice/Transmutation            4
   e - Blade Hands                    Transmutation                5
 o - a book of Necromancy

   Spells                             Type                      Level
   a - Pain                           Necromancy                   1
   b - Animate Skeleton               Necromancy                   1
   c - Vampiric Draining              Necromancy                   3
   d - Regeneration                   Charms/Necromancy            3
   e - Animate Dead                   Necromancy                   4
   f - Control Undead                 Necromancy                   4
Comestibles
 f - 5 bread rations
 v - 4 meat rations
 A - 10 slices of pizza


   Skills:
 + Level 9.1(14.1) Fighting
 * Level 11.5(16.5) Long Blades
 + Level 8.6(13.6) Armour
 + Level 9.7(14.7) Shields
 + Level 7.0 Invocations


You had 11 spell levels left.
You didn't know any spells.

Dungeon Overview and Level Annotations

Branches:
Dungeon (11/15)            Temple (1/1) D:6
   Lair: D:8-11         Orc: D:9-12

Altars:
Ashenzari
Cheibriados
Dithmenos
Elyvilon
Fedhas
Gozag
Hepliaklqana
Kikubaaqudgha
Makhleb
Nemelex Xobeh
Okawaru
Qazlal
Ru
Sif Muna
Trog
Uskayaw
Vehumet
Xom
Yredelemnul
Zin
The Shining One

Shops:
D:10 *

Annotations:
D:5 kae's ghost, novice FoFi
D:11 Harold; Vajrapani's ghost, journeyman DrTm


Innate Abilities, Weirdness & Mutations

You are under a permanent stasis effect.
You can dig through walls and to a lower floor.
Your four strong arms can wield two-handed weapons with a shield.
You have a pair of large antennae on your head. (SInv)
You are surrounded by a mild repulsion field. (EV +2)
You possess an exceptional clarity of mind.


Message History

You hit the deep troll earth mage but do no damage.
The deep troll earth mage is severely wounded.
The deep troll earth mage barely misses you.
You block the deep troll earth mage's attack. x2
You closely miss the deep troll earth mage.
The deep troll earth mage is severely wounded.
You hit the deep troll earth mage.
The deep troll earth mage is severely wounded.
The deep troll earth mage closely misses you.
The deep troll earth mage misses you.
The deep troll earth mage claws you but does no damage.
You closely miss the deep troll earth mage.
The deep troll earth mage is severely wounded.
You hit the deep troll earth mage.
The deep troll earth mage is severely wounded.
You block the deep troll earth mage's attack.
The deep troll earth mage claws you.
* * * LOW HITPOINT WARNING * * *
The deep troll earth mage claws you.
You die...

### #.# #.# #.# ##.#
#)@# ##T# #.## ##.# ###
###############.##...###
................(.......
................#T#.....
###...........###.# ...
# #..#####...## .. .


You could see a deep troll earth mage.

Vanquished Creatures
  A centaur warrior (D:12)
  An unseen horror (D:10)
  A gargoyle (D:10)
  A troll (D:11)
  4 hippogriffs
  A spriggan (D:8)
  16 yaks
  2 hungry ghosts
  4 water moccasins
  4 orc warriors
  An ice beast (D:9)
  2 sky beasts
  A black bear (D:9)
  A phantom (D:4)
  A necrophage (D:10)
  5 centaurs
  10 ogres
  3 big kobolds
  4 bullfrogs
  A wyvern zombie (D:10)
  A scorpion (D:7)
  A water moccasin skeleton (D:5)
  13 killer bees
  6 howler monkeys
  3 crimson imps
  8 hounds
  10 orc priests
  A centaur skeleton (D:8)
  A bullfrog skeleton (D:10)
  Jessica (D:2)
  2 iguanas (D:8)
  11 worker ants
  19 orc wizards
  8 gnolls
  A howler monkey skeleton (D:8)
  10 adders
  5 shadow imps
  3 oozes
  An adder skeleton (D:5)
  2 adder zombies
  2 worms
  7 leopard geckos
  43 orcs
  8 giant cockroaches
  8 hobgoblins
  14 jackals
  18 kobolds
  4 quokkas
  7 bats
  4 frilled lizards
  A giant cockroach zombie (D:6)
  6 goblins
  A leopard gecko skeleton (D:9)
  2 leopard gecko zombies
  16 rats
312 creatures vanquished.

Notes
Turn   | Place    | Note
-------+----------+-------------------------------------------
     0 | D:1      | kae the Formicid Fighter began the quest for the Orb.
     0 | D:1      | Reached XP level 1. HP: 18/18 MP: 1/1
   303 | D:1      | Reached XP level 2. HP: 24/24 MP: 2/2
   510 | D:1      | Reached skill level 3 in Long Blades
   510 | D:1      | Reached XP level 3. HP: 28/29 MP: 3/3
  1046 | D:2      | Noticed Jessica
  1050 | D:2      | Killed Jessica
  1050 | D:2      | Reached XP level 4. HP: 35/35 MP: 4/4
  1487 | D:2      | Reached XP level 5. HP: 34/42 MP: 5/5
  1839 | D:2      | Reached skill level 4 in Long Blades
  2022 | D:3      | Reached XP level 6. HP: 36/48 MP: 6/6
  2182 | D:3      | Found a sparkling altar of Nemelex Xobeh.
  2213 | D:3      | Reached skill level 5 in Shields
  2883 | D:4      | HP: 1/49 [orc priest/nerve-wracking pain (6)]
  2885 | D:4      | Reached XP level 7. HP: 1/55 MP: 7/7
  3312 | D:3      | Reached skill level 5 in Long Blades
  4130 | D:4      | Reached skill level 5 in Fighting
  4277 | D:4      | Reached XP level 8. HP: 32/62 MP: 8/8
  4640 | D:5      | Entered Level 5 of the Dungeon
  4669 | D:5      | Reached skill level 6 in Long Blades
  4669 | D:5      | Reached skill level 5 in Armour
  5195 | D:5      | Noticed kae's ghost (novice FoFi)
  5650 | D:5      | Reached skill level 7 in Long Blades
  6732 | D:4      | Reached XP level 9. HP: 67/69 MP: 9/9
  7561 | D:6      | Found a staircase to the Ecumenical Temple.
  7732 | Temple   | Entered the Ecumenical Temple
  7740 | Temple   | Became a worshipper of Warmaster Okawaru
  7907 | D:6      | Found a stormy altar of Qazlal.
  8458 | D:7      | Reached skill level 8 in Long Blades
  8526 | D:7      | Reached * piety under Okawaru
  8526 | D:7      | Reached skill level 1 in Invocations
  8566 | D:7      | Reached XP level 10. HP: 47/79 MP: 8/11
  9347 | D:8      | Gained mutation: You possess an exceptional clarity of mind. [potion of beneficial mutation]
  9348 | D:8      | Gained mutation: You are surrounded by a mild repulsion field. (EV +2) [potion of beneficial mutation]
  9420 | D:8      | Found a glowing golden altar of the Shining One.
  9420 | D:8      | Found a hide-covered altar of Uskayaw.
  9434 | D:8      | Reached ** piety under Okawaru
  9434 | D:8      | Reached skill level 9 in Long Blades
 10836 | D:9      | Noticed a blizzard demon
 10837 | D:9      | Found a burning altar of Makhleb.
 10851 | D:9      | Found a glowing silver altar of Zin.
 10851 | D:9      | Noticed an angel
 10955 | D:9      | Reached *** piety under Okawaru
 11217 | D:9      | Reached skill level 10 in Long Blades
 11419 | D:9      | Reached XP level 11. HP: 59/86 MP: 14/14
 11426 | D:9      | Reached skill level 5 in Invocations
 12030 | D:10     | Entered Level 10 of the Dungeon
 12168 | D:10     | Noticed an unseen horror
 12195 | D:10     | Killed an unseen horror
 12408 | D:10     | Reached **** piety under Okawaru
 12496 | D:10     | Got a bloodstained dagger
 12680 | D:10     | Found Afreidyura's Assorted Antiques.
 12688 | D:10     | Bought a yellow potion for 25 gold pieces
 12688 | D:10     | Bought a blue potion for 25 gold pieces
 12688 | D:10     | Bought a scroll of identify for 56 gold pieces
 12688 | D:10     | Bought a scroll of identify for 56 gold pieces
 12688 | D:10     | Bought a glowing falchion for 252 gold pieces
 12688 | D:10     | Bought a scroll labeled NEET GUUJUNYC for 28 gold pieces
 12692 | D:10     | Identified the +6 dagger "Wyogisi" {flame, rF+ rC- Int+5} (You found it on level 10 of the Dungeon)
 13133 | D:10     | Found a deep blue altar of Sif Muna.
 13659 | D:11     | Reached skill level 11 in Long Blades
 13729 | D:11     | Noticed Harold
 13732 | D:11     | Noticed Vajrapani's ghost (journeyman DrTm)
 13754 | D:11     | HP: 1/87 [Vajrapani's ghost/bolt of negative energy (41)]
 13757 | D:11     | You fall through a shaft!
 14171 | D:12     | Reached ***** piety under Okawaru
 14301 | D:12     | Noticed a centaur warrior
 14323 | D:12     | Killed a centaur warrior
 14323 | D:12     | Reached XP level 12. HP: 12/95 MP: 17/17
 14659 | D:12     | Noticed a deep troll earth mage
 14693 | D:12     | Slain by a deep troll earth mage

Skill      XL: |  1  2  3  4  5  6  7  8  9 10 11 |
---------------+----------------------------------+-----
Long Blades    | 3 4 5 7 8 10 11 | 11.5
Shields        | 4 5 6 7 8 9 |  9.7
Fighting       | 4 5 6 7 8 9 |  9.1
Armour         | 4 5 6 7 8 |  8.6
Invocations    | 2 4 7 |  7.0

Action                   |  1- 3 |  4- 6 |  7- 9 | 10-12 || total
-------------------------+-------+-------+-------+-------++-------
Melee: Long sword        |   101 |   211 |   568 |   491 ||  1371
       Falchion          |       |       |       |   393 ||   393
Invok: Heroism           |       |       |     2 |    16 ||    18
 Abil: Dig               |       |     1 |     7 |    15 ||    23
       Shaft Self        |       |       |       |     1 ||     1
Evoke: Wand              |       |       |       |     4 ||     4
  Use: Potion            |       |     1 |       |     7 ||     8
       Scroll            |       |       |     4 |    14 ||    18
  Eat: Chunk             |       |     7 |    17 |    22 ||    46
       Bread ration      |       |       |     1 |       ||     1
       Fruit             |       |       |       |     3 ||     3
Armor: Scale mail        |    38 |    96 |    15 |       ||   149
       Ring mail         |       |       |   134 |   172 ||   306
Dodge: Dodged            |    32 |    77 |   174 |   318 ||   601
Block: Shield            |    57 |   118 |   280 |   487 ||   942
       Rpst.: Long sword |    12 |    25 |    57 |    64 ||   158
       Falchion          |       |       |       |    31 ||    31
